 Dungeon Crawl Stone Soup version 0.31-a0-1499-ge0622b2318 (webtiles) character file.

Game seed: 9028109428269139757

70 dialectric the Ruffian (level 4, -6/42 HPs)
             Began as a Troll Shapeshifter on Dec 30, 2023.
             Mangled by a gnoll
             ... wielding a +0 halberd
              (12 damage)
             ... on level 3 of the Dungeon.
             The game lasted 00:01:43 (494 turns).

dialectric the Ruffian (Troll Shapeshifter)          Turns: 494, Time: 00:01:44

Health: -6/42      AC:  4    Str: 24    XL:     4   Next: 3%
Magic:  3/3        EV: 10    Int:  6    God:
Gold:   15         SH:  0    Dex:  9    Spells: 3/3 levels left

rFire   . .          .
                       - Unarmed
rCold   . . .        (no shield)
rNeg    . . .        a - +0 animal skin
rPois   .            (helmet currently unavailable)
rElec   .            (cloak currently unavailable)
rCorr   .            (gloves unavailable)
SInv    .            (boots unavailable)
Will    .....        (no amulet)
Stlth   +            (no ring)
HPRegen 1.07/turn    (no ring)
MPRegen 0.08/turn

%: no passive effects
@: brilliant, beast-form, attractive, hasted, very quick
A: beast (slay +1), large, unfitting armour, claws 3, regeneration 1, shaggy fur
1, tough skin 1
a: Begin Untransformation


You were on level 3 of the Dungeon.
You were a hulking beast.
You visited 1 branch of the dungeon, and saw 3 of its levels.

You collected 15 gold pieces.

Inventory:

Hand Weapons
 l - a +2 short sword of protection
Missiles
 j - 4 poisoned darts
Armour
 a - a +0 animal skin (worn)
Jewellery
 k - an amulet of magic regeneration
Talismans
 c - a beast talisman
 d - a flux talisman
Scrolls
 g - 2 scrolls of immolation {unknown}
 i - a scroll of brand weapon {unknown}
Potions
 b - a potion of lignification
 m - a potion of mutation {unknown}


   Skills:
 + Level 1.6 Fighting
 + Level 2.2 Dodging
 + Level 3.5 Unarmed Combat
 + Level 3.4 Shapeshifting


You had 3 spell levels left.
You didn't know any spells.
Your spell library contained the following spells:

 Spells                   Type           Power      Damage    Failure   Level
 Apportation              Tloc           0%         N/A       45%         1
 Necrotise                Necr           0%         1d4       45%         1
 Sting                    Conj/Alch      0%         1d3       45%         1
 Summon Small Mammal      Summ           0%         N/A       45%         1
 Lesser Beckoning         Tloc           0%         N/A       58%         2
 Gell's Gravitas          Tloc           0%         N/A       83%         3
 Teleport Other           Tloc           0%         N/A       83%         3


Dungeon Overview and Level Annotations

Branches:
Dungeon (3/15)

Altars:


Innate Abilities, Weirdness & Mutations

You are a hulking beast.
Your limbs bulge with bestial killing power. (Slay +1)
You are too large for most types of armour.
You have claws for hands.
Your natural rate of healing is unusually fast.
You are covered in fur. (AC +1)
You have tough skin. (AC +1)


Message History

The gnoll hits you from afar with a +0 halberd!
The gnoll hits you but does no damage. The gnoll hits you with a +0 whip.
You claw the gnoll!
The gnoll is heavily wounded.
You scratch the gnoll. You claw the gnoll, but do no damage.
The gnoll is severely wounded.
The gnoll hits you with a +0 whip!
The gnoll hits you from afar with a +0 halberd!
* * * LOW HITPOINT WARNING * * *
You claw the gnoll!
You kill the gnoll!
The gnoll completely misses you.
You have reached level 4!
The gnoll attacks as it pursues you! The gnoll barely misses you.
Things that are here:
a +0 club; a +0 robe; the human corpse of Jessica It was a potion of brilliance.
You feel clever all of a sudden. The gnoll barely misses you.
The gnoll attacks as it pursues you!
The gnoll hits you from afar with a +0 halberd!
* * * LOW HITPOINT WARNING * * *
There is a stone staircase leading up here.
It was a potion of haste.
You feel yourself speed up.
The gnoll hits you from afar with a +0 halberd!
* * * LOW HITPOINT WARNING * * *
Unknown command.
It was a potion of attraction.
You feel attractive to monsters. The gnoll closely misses you.
The gnoll is attracted toward you. x3
Okay, then.
The gnoll is attracted toward you. x3
The gnoll hits you but does no damage. The gnoll is attracted toward you. x3
The gnoll closely misses you. The gnoll is attracted toward you. x3
The gnoll is attracted toward you. x3
You claw the gnoll!
The gnoll is heavily wounded.
The gnoll hits you with a +0 halberd!
You die...

#.g#
##g#
#g#
#g#
#§#
#g##
#g§#
##g#
#h#
#.#
...
##..#
#...
#....
.....
......


You could see 3 gnolls.

Vanquished Creatures
  Jessica (D:3)
  A gnoll (D:3)
  An adder (D:2)
  A dart slug (D:1)
  A bat (D:1)
  2 giant cockroaches (D:1)
  2 goblins
  2 hobgoblins
  4 jackals (D:1)
  A ball python (D:1)
  3 frilled lizards
  2 kobolds
  3 rats
24 creatures vanquished.

Notes
Turn   | Place    | Note
-------+----------+-------------------------------------------
     0 | D:1      | dialectric the Troll Shapeshifter began the quest for the
                  | Orb.
     0 | D:1      | Reached XP level 1. HP: 18/18 MP: 0/0
   148 | D:1      | Found a faded altar of an unknown god.
   168 | D:1      | Reached skill level 1 in Fighting
   173 | D:1      | Reached XP level 2. HP: 20/27 MP: 1/1
   334 | D:2      | Reached XP level 3. HP: 24/33 MP: 2/2
   433 | D:2      | Noticed Jessica
   450 | D:3      | Killed Jessica
   477 | D:3      | Reached XP level 4. HP: 6/42 MP: 3/3
   488 | D:3      | HP: 1/42 [gnoll/+0 halberd (8)]
   494 | D:3      | Mangled by a gnoll

Illustrated notes

Levels and vault maps discovered:
D:1:      minmay_arrival_stair_chambers, layout_basic,
          hellmonk_ecumenical_altar_leap_of_faith
D:2:      layout_basic, uniq_terence, uniq_jessica, uniq_natasha
D:3:      layout_rooms, uniq_ijyb

Skill      XL: |  1  2 |
---------------+-------+-----
Fighting       | 1 |  1.6
Dodging        | 2 |  2.2
Unarmed Combat | |  3.5
Shapeshifting  | |  3.4

Action                     |  1- 3 |  4- 6 || total
---------------------------+-------+-------++-------
  Melee: Unarmed           |    54 |     1 ||    55
         Punch             |     1 |       ||     1
    Use: Potion            |       |     3 ||     3
 Armour: Animal skin       |    41 |     4 ||    45
  Dodge: Dodged            |    30 |     4 ||    34

Table legend: (Time is in decaauts)
 A = Elapsed time spent in this place.
 B = Non-inter-level travel time spent in this place.
 C = Inter-level travel time spent in this place.
 D = Time resting spent in this place.
 E = Time spent auto-exploring this place.
 F = Levels seen in this place.
 G = Mean time per level.
                   A        B        C        D        E       F      G
               +--------+--------+--------+--------+--------+-----+--------+
         Total |    495 |    495 |      0 |      0 |    284 |   3 |  165.0 |
       Dungeon |    495 |    495 |      0 |      0 |    284 |   3 |  165.0 |
               +--------+--------+--------+--------+--------+-----+--------+

Top non-repeatable levels by time:
     D:1: 287 daAuts
     D:2: 164 daAuts
     D:3: 43 daAuts
